 Dungeon Crawl Stone Soup version 0.31-a0-1202-ga8fea8b373 (webtiles) character file.

Game seed: 17112688873011683541

7459 Malachi the Spear-Bearer (level 11, -6/60 HPs)
             Began as a Vine Stalker Brigand on Dec 12, 2023.
             Mangled by a wyvern (11 damage)
             ... on level 10 of the Dungeon.
             The game lasted 00:14:02 (9177 turns).

Malachi the Spear-Bearer (Vine Stalker Brigand)     Turns: 9177, Time: 00:14:02

Health: -6/60      AC: 10    Str: 17    XL:     11   Next: 15%
Magic:  0/21       EV: 11    Int: 11    God:
Gold:   737        SH:  5    Dex: 17    Spells: 10/10 levels left

rFire   + . .        f - +9 spear of Kudgha Desm {vamp, rF+ rC++ rN+ Stlth-}
rCold   + + .        (no shield)
rNeg    + . .        m - +0 troll leather armour
rPois   .            k - +2 helmet
rElec   .            c - +0 cloak
rCorr   .            l - +1 pair of gloves
SInv    .            (no boots)
Will    ++...        A - amulet of reflection
Stlth   ++           g - ring of willpower
HPRegen 1.90/turn    C - ring of magical power
MPRegen 0.17/turn

%: reflection, guardian spirit
@: studying Spellcasting
A: fangs 3, regeneration 1, magic shield, antimagic bite, no potion heal 2
a: no special abilities


You were on level 10 of the Dungeon.
You visited 1 branch of the dungeon, and saw 11 of its levels.

You collected 737 gold pieces.

Inventory:

Hand Weapons
 a - a +3 dagger
 f - the +9 spear of Kudgha Desm (weapon) {vamp, rF+ rC++ rN+ Stlth-}
   (You took it off a hobgoblin on level 2 of the Dungeon)

   rF+:       It protects you from fire.
   rC++:      It greatly protects you from cold.
   rN+:       It protects you from negative energy.
   Stlth-:    It makes you less stealthy.
 u - the +8 mace "Qete Tys" {spect, rElec MP-9 Dex+8 SInv}
   (You found it on level 8 of the Dungeon)

   Dex+8:     It affects your dexterity (+8).
   rElec:     It insulates you from electricity.
   MP-9:      It affects your magic capacity (-9).
   SInv:      It lets you see invisible.
Missiles
 d - 34 poisoned darts (quivered)
 e - 3 curare-tipped darts
Armour
 c - a +0 cloak (worn)
 k - a +2 helmet (worn)
 l - a +1 pair of gloves (worn)
 m - a +0 troll leather armour (worn)
 v - +0 acid dragon scales
Jewellery
 g - a ring of willpower (left hand)
 o - a ring of protection from cold
 A - an amulet of reflection (around neck)
 C - a ring of magical power (right hand)
 L - a +5 ring of evasion
 N - a +4 ring of protection
Wands
 i - a wand of iceblast (13)
 s - a wand of flame (23)
 z - a wand of quicksilver (15)
 D - a wand of mindburst (36)
 O - a wand of digging (2)
Scrolls
 b - 5 scrolls of teleportation
 j - 5 scrolls of immolation
 q - 2 scrolls of poison
 t - 4 scrolls of blinking
 w - a scroll of enchant armour
 x - 3 scrolls of enchant weapon
 y - a scroll of amnesia
 J - 2 scrolls of fog
 K - a scroll of fear
Potions
 h - 2 potions of brilliance
 n - a potion of attraction
 p - 2 potions of heal wounds
 r - a potion of haste
 B - a potion of berserk rage
 E - a potion of magic
 F - a potion of curing
 G - a potion of might {unknown}
 H - a potion of lignification {unknown}
 I - a potion of mutation


   Skills:
 + Level 8.3 Fighting
 - Level 3.0 Short Blades
 * Level 11.3 Polearms
 - Level 1.7 Throwing
 - Level 5.0 Armour
 - Level 0.7 Dodging
 - Level 6.0 Stealth


You had 10 spell levels left.
You didn't know any spells.
Your spell library contained the following spells:

 Spells                   Type           Power      Damage    Failure   Level
 Sandblast                Erth           0%         2d4       38%         1
 Summon Small Mammal      Summ           0%         N/A       38%         1
 Passwall                 Tmut/Erth      0%         N/A       54%         2
 Poisonous Vapours        Pois/Air       0%         N/A       54%         2
 Call Canine Familiar     Summ           0%         N/A       77%         3
 Dazzling Flash           Conj/Hex       0%         N/A       77%         3
 Ignite Poison            Fire/Tmut/Pois 0%         N/A       77%         3
 Stone Arrow              Conj/Erth      0%         3d7       77%         3
 Summon Guardian Golem    Hex/Summ       0%         N/A       77%         3
 Volatile Blastmotes      Fire/Tloc      0%         2d10      77%         3
 Brom's Barrelling Bould  Conj/Erth      0%         2d3       99%         4
 Cause Fear               Hex            0%         N/A       99%         4
 Passage of Golubria      Tloc           0%         N/A       99%         4
 Agony                    Necr           0%         N/A       100%        5
 Borgnjor's Vile Clutch   Necr/Erth      0%         N/A       100%        5
 Fireball                 Conj/Fire      0%         3d3       100%        5
 Silence                  Hex/Air        0%         N/A       100%        5
 Death Channel            Necr           0%         N/A       100%        6
 Starburst                Conj/Fire      0%         6d3       100%        6
 Lehudib's Crystal Spear  Conj/Erth      0%         10d2      100%        8
 Maxwell's Capacitive Co  Air            0%         ∞         100%        8
 Dragon's Call            Summ           0%         N/A       100%        9


Dungeon Overview and Level Annotations

Branches:
Dungeon (11/15)            Temple (0/1) D:6             Orc (0/2) D:10
   Lair: D:8-11

Altars:
Ashenzari
Cheibriados
Dithmenos
Fedhas
Hepliaklqana
Makhleb
Okawaru
Sif Muna
Uskayaw
Xom
The Shining One

Shops:
D:4 [   D:8 :

Annotations:
D:3 2 transporters, kal9871's ghost, amateur HOBe


Innate Abilities, Weirdness & Mutations

You have razor-sharp teeth.
Your natural rate of healing is unusually fast.
When hurt, damage is shared between your health and your magic reserves.
Your bite disrupts and absorbs the magic of your enemies.
Potions cannot restore your health.


Message History

The centaur warrior shouts!
There is a stone staircase leading up here.
Unknown command.
Okay, then.
The centaur warrior wields a +0 orcbow.
The centaur warrior shoots an arrow.
The arrow hits you!
The wyvern hisses angrily.
The centaur warrior shoots an arrow.
The arrow closely misses you.
You hear an angry buzzing noise.
There is a stone staircase leading up here.
The centaur warrior shoots an arrow.
The arrow hits you!
The centaur warrior shoots an arrow.
The arrow hits you but does no damage.
You climb upwards.
There is a stone staircase leading down here.
Unknown command.
You climb downwards.
The wyvern bites you but does no damage.
The wyvern bites you!
The centaur warrior shoots an arrow.
The arrow hits you!!
A skeletal warrior comes into view. It is wielding a +0 dire flail.
There is a stone staircase leading up, spattered with blood here.
Unknown command.
The wyvern bites you! x2
* * * LOW HITPOINT WARNING * * *
The centaur warrior shoots an arrow.
The arrow hits you!
* * * LOW HITPOINT WARNING * * *
You climb upwards.
There is a stone staircase leading down here.
Unknown command.
Unknown command.
Okay, then.
The wyvern attacks as it pursues you!
The wyvern bites you but does no damage.
The wyvern attacks as it pursues you! The wyvern barely misses you.
The wyvern bites you!
* * * LOW HITPOINT WARNING * * *
You barely miss the wyvern. You bite the wyvern! You drain its power.
You feel invigorated.
The wyvern is moderately wounded.
The wyvern bites you!
You die...

#.........# # #.........# #
#......)..###### #..............#
###.........#..[.[
#.............####
#..........<### # #.##..#..#### #
#@###.....########
####k####............
#....>.>..##.#.......
#....................
####....#######.#######.
#####.......# #.# #....
####.......#.#.##### #.####.###
###....#..###........###.##...#..
.....###.###..........##....###..


You could see a wyvern.

Vanquished Creatures
  2 two-headed ogres
  Pikel (D:6)
  Joseph (D:8)
  An unseen horror (D:10)
  A gargoyle (D:10)
  Maggie (D:6)
  A kobold demonologist (D:10)
  Jeremiah (D:8)
  A troll (D:10)
  A hornet (D:9)
  A steam dragon (D:8)
  A water moccasin (D:6)
  3 ice beasts
  3 orc warriors
  A black bear (D:5)
  2 sky beasts
  A centaur (D:5)
  A lemure (D:6)
  A phantom (D:5)
  2 bullfrogs
  3 kobold brigands
  2 gnoll sergeants
  5 scorpions
  Blork the orc (D:6)
  5 wights (D:9)
  3 killer bees (D:10)
  4 howler monkeys
  2 hounds (D:5)
  10 orc priests
  A jelly (D:6)
  Crazy Yiuf (D:6)
  2 gnoll boudas
  An iguana (D:5)
  Ijyb (D:4)
  A sleepcap (D:7)
  9 orc wizards
  Robin (D:2)
  14 gnolls
  7 adders
  A shadow imp (D:6)
  3 white imps
  A worm (D:2)
  4 dart slugs
  51 orcs
  10 ball pythons
  7 bats
  4 endoplasms
  A giant cockroach (D:3)
  13 goblins
  11 hobgoblins
  11 jackals (D:1)
  19 kobolds
  2 quokkas
  8 frilled lizards
  4 rats
250 creatures vanquished.

Vanquished Creatures (others)
  An orc (D:8)
1 creature vanquished.

Grand Total: 251 creatures vanquished

Notes
Turn   | Place    | Note
-------+----------+-------------------------------------------
     0 | D:1      | Malachi the Vine Stalker Brigand began the quest for the
                  | Orb.
     0 | D:1      | Reached XP level 1. HP: 11/11 MP: 2/2
    48 | D:1      | Reached skill level 5 in Stealth
    77 | D:1      | Reached XP level 2. HP: 14/15 MP: 3/3
   387 | D:1      | Reached XP level 3. HP: 18/18 MP: 4/4
   733 | D:2      | Found a blossoming altar of Fedhas.
  1124 | D:2      | Reached XP level 4. HP: 23/23 MP: 5/5
  1126 | D:2      | Identified the +9 spear of Kudgha Desm {vamp, rF+ rC++ rN+
                  | Stlth-}
  1276 | D:2      | Noticed Robin
  1302 | D:2      | Killed Robin
  1303 | D:2      | Reached skill level 1 in Polearms
  1666 | D:3      | Noticed a small abomination
  1672 | D:3      | Found a transporter.
  1677 | D:3      | Found a transporter.
  1720 | D:3      | Reached XP level 5. HP: 26/26 MP: 4/6
  1827 | D:3      | Noticed kal9871's ghost (amateur HOBe)
  2272 | D:4      | Found a hazy altar of Hepliaklqana.
  2358 | D:4      | Reached skill level 2 in Polearms
  2395 | D:4      | Found a hide-covered altar of Uskayaw.
  2497 | D:4      | Noticed Ijyb
  2508 | D:4      | Killed Ijyb
  2554 | D:4      | Found Zasoes's Antique Armour Boutique.
  2672 | D:4      | Reached skill level 3 in Polearms
  2672 | D:4      | Reached XP level 6. HP: 25/32 MP: 4/7
  2847 | D:4      | Found a shadowy altar of Dithmenos.
  3329 | D:5      | Entered Level 5 of the Dungeon
  3388 | D:5      | Reached skill level 4 in Polearms
  3388 | D:5      | Reached XP level 7. HP: 36/36 MP: 6/8
  3549 | D:5      | Reached skill level 5 in Polearms
  3615 | D:5      | Found a shimmering blue altar of Sif Muna.
  3671 | D:5      | Reached skill level 1 in Armour
  3695 | D:5      | Gained mutation: You have razor-sharp teeth. [Vine Stalker
                  | growth]
  3695 | D:5      | Reached XP level 8. HP: 42/42 MP: 9/9
  3863 | D:5      | Found a shimmering altar of Xom.
  3903 | D:5      | Reached skill level 6 in Polearms
  5252 | D:5      | Gained mutation: You are vulnerable to heat. (rF-) [potion
                  | of mutation]
  5252 | D:5      | Lost mutation: You are vulnerable to heat. (rF-) [potion of
                  | mutation]
  5312 | D:6      | Noticed Blork the orc
  5317 | D:6      | Killed Blork the orc
  5343 | D:6      | Noticed Maggie
  5367 | D:6      | Killed Maggie
  5368 | D:6      | Reached skill level 5 in Fighting
  5372 | D:6      | Reached skill level 7 in Polearms
  5384 | D:6      | Reached XP level 9. HP: 47/47 MP: 10/10
  5445 | D:6      | Found a runed translucent door.
  5446 | D:6      | Noticed Crazy Yiuf
  5453 | D:6      | Killed Crazy Yiuf
  5648 | D:6      | Found a staircase to the Ecumenical Temple.
  5854 | D:6      | Found a burning altar of Makhleb.
  6020 | D:6      | Noticed Pikel
  6035 | D:6      | Killed Pikel
  6036 | D:6      | Reached skill level 8 in Polearms
  6298 | D:7      | Found a broken altar of Ashenzari.
  6384 | D:7      | Got the Compendium of Despair and Poisoning
  6701 | D:7      | Found a glowing golden altar of the Shining One.
  6701 | D:7      | Found a snail-covered altar of Cheibriados.
  6798 | D:8      | Found Plog's Book Boutique.
  6985 | D:8      | Noticed Jeremiah
  6992 | D:8      | Reached XP level 10. HP: 48/53 MP: 11/11
  7002 | D:8      | Reached skill level 9 in Polearms
  7052 | D:8      | Identified the +8 mace "Qete Tys" {spect, rElec MP-9 Dex+8
                  | SInv}
  7057 | D:8      | Killed Jeremiah
  7256 | D:8      | Noticed Joseph
  7273 | D:8      | Killed Joseph
  7461 | D:9      | Reached skill level 5 in Armour
  7889 | D:9      | Noticed a two-headed ogre
  7898 | D:9      | Killed a two-headed ogre
  7899 | D:9      | Reached skill level 10 in Polearms
  8138 | D:9      | Found an iron altar of Okawaru.
  8460 | D:10     | Entered Level 10 of the Dungeon
  8461 | D:10     | Noticed a kobold demonologist
  8464 | D:10     | Noticed a rust devil
  8474 | D:10     | Killed a kobold demonologist
  8499 | D:10     | Noticed a two-headed ogre
  8514 | D:10     | Killed a two-headed ogre
  8515 | D:10     | Reached skill level 11 in Polearms
  8515 | D:10     | Reached XP level 11. HP: 33/60 MP: 9/12
  8956 | D:10     | Found a staircase to the Orcish Mines.
  9164 | D:11     | Noticed a centaur warrior
  9172 | D:11     | Noticed a skeletal warrior
  9177 | D:10     | Mangled by a wyvern

Illustrated notes

Levels and vault maps discovered:
D:1:      wander_arrival_peaceful_grave, layout_loops_ring
D:2:      layout_loops_cross, basic_altar, minmay_crystal_room, minivault_25,
          minmay_misc_feat_nine_boxes, minmay_indecisive_spiral, uniq_robin
D:3:      layout_loops_ring, gammafunk_ghost_abyssal_escape
D:4:      layout_loops_corners, kennysheep_mini_moat,
          nicolae_uskayaw_dance_hall, mainiacjoe_overflow_alcove_2,
          serial_shops, nicolae_shop_advertising_works
          [nicolae_subvault_shop_adworks], uniq_ijyb
D:5:      lemuel_ice_spiral_2, layout_basic, general_overflow_altar,
          lemuel_tele_altar, serial_library, serial_library_hellmonk_room_c,
          serial_library_hellmonk_semicircle,
          serial_library_regret_index_double_sided,
          serial_library_hellmonk_narrow_alcove,
          serial_library_hellmonk_metal_room, patterned_corridor
D:6:      layout_loops_ring, nicolae_overflow_crystal_walls,
          minmay_temple_entry_statues_pillars, uniq_crazy_yiuf_cottage,
          uniq_maggie, uniq_pikel, uniq_blork_the_orc
D:7:      layout_gridville, evilmike_ruin_ashenzari,
          mainiacjoe_overflow_divided_tiny
D:8:      layout_rooms, serial_shops, shop, uniq_joseph, uniq_jeremiah
D:9:      layout_stronghold, hellmonk_okawaru_the_only_friend_you_need
D:10:     layout_rooms, orc_0_dummy
D:11:     minmay_the_grid_3x2 [minmay_the_grid_garden, minmay_the_grid_eight,
          minmay_the_grid_medium_cups, minmay_the_grid_dragon_b,
          minmay_the_grid_spikes, minmay_the_grid_prize_four_corners_diamond_a],
          layout_cave_pools, david_lair_generic

Skill      XL: |  1  2  3  4  5  6  7  8  9 10 |
---------------+-------------------------------+-----
Stealth        | 5 6 |  6.0
Short Blades   | 2 3 |  3.0
Fighting       | 2 3 4 5 6 8 |  8.3
Polearms       | 1 3 4 5 7 8 11 | 11.3
Armour         | 1 3 4 5 |  5.0
Throwing       | |  1.7
Dodging        | |  0.7

Action                     |  1- 3 |  4- 6 |  7- 9 | 10-12 || total
---------------------------+-------+-------+-------+-------++-------
  Melee: Dagger            |   118 |    14 |       |       ||   132
         Bite              |    32 |    17 |    62 |    46 ||   157
         Spear             |       |   125 |   303 |   253 ||   681
         Punch             |       |       |     2 |     5 ||     7
  Throw: Dart              |       |     1 |       |       ||     1
    Use: Potion            |       |     4 |     1 |       ||     5
         Scroll            |       |     6 |     7 |     4 ||    17
   Stab: Sleeping          |    13 |     2 |     2 |       ||    17
         Distracted        |       |       |     1 |       ||     1
 Armour: Robe              |    41 |    33 |       |       ||    74
         Scale mail        |       |    51 |    76 |       ||   127
         Acid dragon scale |       |       |    70 |    72 ||   142
         Troll leather arm |       |       |       |   100 ||   100
  Dodge: Dodged            |    62 |    42 |    76 |    53 ||   233
  Block: Other             |       |       |     8 |    27 ||    35
         Reflection        |       |       |       |     1 ||     1

Table legend: (Time is in decaauts)
 A = Elapsed time spent in this place.
 B = Non-inter-level travel time spent in this place.
 C = Inter-level travel time spent in this place.
 D = Time resting spent in this place.
 E = Time spent auto-exploring this place.
 F = Levels seen in this place.
 G = Mean time per level.
                   A        B        C        D        E       F      G
               +--------+--------+--------+--------+--------+-----+--------+
         Total |   8969 |   8516 |    453 |    770 |   6148 |  11 |  815.4 |
       Dungeon |   8969 |   8516 |    453 |    770 |   6148 |  11 |  815.4 |
               +--------+--------+--------+--------+--------+-----+--------+

Top non-repeatable levels by time:
     D:5: 1913 daAuts
     D:4: 1055 daAuts
     D:9: 1000 daAuts
     D:6: 976 daAuts
     D:2: 905 daAuts
     D:1: 696 daAuts
     D:3: 654 daAuts
    D:10: 651 daAuts
     D:8: 620 daAuts
     D:7: 489 daAuts
    D:11: 6 daAuts
